 Dungeon Crawl Stone Soup version 0.22.0-49-gab54619674 (webtiles) character file.

86 IceCat the Chopper (level 4, -4/40 HPs)
             Began as a Hill Orc Fighter on Sept 4, 2018.
             Slain by Sigmund
             ... wielding a +2 scythe of slicing
              (11 damage)
             ... on level 2 of the Dungeon.
             The game lasted 00:02:55 (1666 turns).

IceCat the Chopper (Hill Orc Fighter)               Turns: 1666, Time: 00:02:55

Health: -4/40      AC:  7    Str: 19    XL:     4   Next: 49%
Magic:  4/4        EV:  7    Int:  8    God:
Gold:   88         SH:  9    Dex: 10    Spells: 3/3 levels left

rFire    . . .     SeeInvis .   a - +0 war axe
rCold    . . .     Gourm    .   c - +0 shield
rNeg     . . .     Faith    .   b - +0 scale mail
rPois    .         Spirit   .   (no helmet)
rElec    .         Reflect  .   (no cloak)
rCorr    .         Harm     .   (no gloves)
MR       .....                  (no boots)
Stlth    ..........             (no amulet)
HPRegen  0.13/turn              (no ring)
MPRegen  0.09/turn              (no ring)

@: no status effects
A: no striking features
a: no special abilities


You were on level 2 of the Dungeon.
You were hungry.

You visited 1 branch of the dungeon, and saw 2 of its levels.

You collected 88 gold pieces.

Inventory:

Hand Weapons
 a - a +0 war axe (weapon)
Armour
 b - a +0 scale mail (worn)
 c - a +0 shield (worn)
Wands
 r - a wand of acid (8)
Scrolls
 e - a scroll of blinking {unknown}
 g - 2 scrolls of teleportation {unknown}
 h - 3 scrolls of amnesia {unknown}
 i - a scroll of fear {unknown}
 j - a scroll of enchant armour {unknown}
 k - 2 scrolls of identify {unknown}
 n - a scroll of magic mapping {unknown}
 p - a scroll of remove curse {unknown}
 q - a scroll of noise {unknown}
Potions
 d - a potion of might
 l - a potion of cancellation {unknown}
 m - 2 potions of heal wounds {unknown}
 o - 2 potions of lignification {unknown}
Comestibles
 f - 3 rations


   Skills:
 + Level 4.1 Fighting
 + Level 4.4 Axes
 + Level 3.7 Armour
 + Level 0.8 Dodging
 + Level 3.7 Shields


You had 3 spell levels left.
You didn't know any spells.
Your spell library contained the following spells:

 Spells                   Type           Power        Failure   Level  Hunger
 Confusing Touch          Hex            #.....       99%         1    ##.....
 Confuse                  Hex            #.......     100%        3    ####...
 Gell's Gravitas          Tloc           #.........   100%        3    ####...
 Petrify                  Tmut/Erth      #.......     100%        4    #####..
 Metabolic Englaciation   Hex/Ice        #.........   100%        5    ######.
 Yara's Violent Unravell  Hex/Tmut       #.........   100%        5    ######.


Dungeon Overview and Level Annotations

Branches:
Dungeon (2/15)

Altars:

Annotations:
D:2 Sigmund


Message History

You barely miss Sigmund.
Sigmund is lightly wounded.
You block Sigmund's attack.
You hit Sigmund.
Sigmund is moderately wounded.
Sigmund barely misses you.
You hit Sigmund.
Sigmund is moderately wounded.
Sigmund hits you with a scythe of slicing.
* * * LOW HITPOINT WARNING * * *
x2 You barely miss Sigmund.
Sigmund is moderately wounded.
Sigmund barely misses you.
You closely miss Sigmund.
Sigmund is moderately wounded.
Sigmund hits you but does no damage.
You hit Sigmund.
Sigmund is heavily wounded.
Sigmund hits you with a scythe of slicing!
You die...

#...>####.. #######
#..#......#
##.....###....######
##....$.......##
#................#
#...)..)..........#
#..................#
#....@....##.......#
#...@.....##.......#
#....$.............>
#.........##.......#
#........(# .
#.........#
#.........#
##.......##
##.....## #######


You could see Sigmund.

Vanquished Creatures
  Robin (D:2)
  An adder (D:2)
  An ooze (D:2)
  A worm (D:2)
  3 dart slugs
  A leopard gecko (D:1)
  A ball python (D:2)
  5 bats
  3 giant cockroaches (D:1)
  10 goblins
  4 hobgoblins (D:2)
  10 jackals
  2 frilled lizards
  4 kobolds (D:1)
  2 rats (D:1)
49 creatures vanquished.

Notes
Turn   | Place    | Note
-------+----------+-------------------------------------------
     0 | D:1      | IceCat the Hill Orc Fighter began the quest for the Orb.
     0 | D:1      | Reached XP level 1. HP: 19/19 MP: 1/1
   104 | D:1      | Reached XP level 2. HP: 26/27 MP: 2/2
   329 | D:1      | Reached XP level 3. HP: 33/33 MP: 3/3
  1169 | D:2      | Reached XP level 4. HP: 38/40 MP: 4/4
  1196 | D:2      | Noticed Sigmund
  1292 | D:2      | Noticed Robin
  1343 | D:2      | Killed Robin
  1666 | D:2      | Slain by Sigmund

Skill      XL: |  1  2  3 |
---------------+----------+-----
Axes           | 3 4 |  4.4
Fighting       | 4 |  4.1
Armour         | |  3.7
Dodging        | |  0.8
Shields        | |  3.7

Action                   |  1- 3 |  4- 6 || total
-------------------------+-------+-------++-------
Melee: War axe           |    95 |    66 ||   161
  Use: Potion            |       |     1 ||     1
  Eat: Chunk             |     1 |     1 ||     2
Armor: Scale mail        |    57 |    23 ||    80
Dodge: Dodged            |    54 |    14 ||    68
Block: Shield            |    74 |    35 ||   109
